 Dungeon Crawl Stone Soup version 0.15-b1-91-gafc2b96 (webtiles) character file.

122973 Econoterrorist the Warrior (level 16, -37/156 HPs)
             Began as a Minotaur Gladiator on Aug 18, 2014.
             Was a High Priest of Okawaru.
             Killed by Shatter
             ... invoked by Jorgrun
              (102 damage)
             ... on Level 3 of the Elven Halls.
             The game lasted 02:50:21 (32515 turns).

Econoterrorist the Warrior (Minotaur Gladiator)    Turns: 32515, Time: 02:50:21

HP -37/156       AC 31     Str 21      XL: 16   Next: 35%
MP  22/22        EV  2     Int 10      God: Okawaru [*****.]
Gold 1625        SH  0     Dex 12      Spells:  0 memorised, 15 levels left

rFire  + + .     SeeInvis +     B - +5 quarterstaff of Ancient Evil {freeze, rN+ SInv}
rCold  . . .     Clarity  .     u - +5 fire dragon armour
rNeg   + + +     rCorr    .     (no shield)
rPois  +         rRot     +     t - +0 hat {SInv}
rElec  .         Spirit   .     n - +1 cloak {rPois}
SustAb .         Warding  .     p - +0 pair of gloves
rMut   .         Stasis   .     O - +2 pair of boots {Fly}
Gourm  .                        X - amulet of faith
MR     +....                    k - ring of regeneration
                                W - ring of protection from cold

@: petrified, flying, somewhat resistant to hostile enchantments, extremely
unstealthy
A: retaliatory headbutt, horns 2, iridescent scales 1
a: Heroism, Finesse, Renounce Religion, Stop Flying


You were on level 3 of the Elven Halls.
You worshipped Okawaru.
Okawaru was extremely pleased with you.
You were not hungry.

You visited 5 branches of the dungeon, and saw 27 of its levels.
You visited the Abyss 1 time.
You visited 1 bazaar.
You also visited: Ossuary and Volcano.

You collected 3378 gold pieces.
You spent 1753 gold pieces at shops.

Inventory:

Hand weapons
 B - the +5 quarterstaff of Ancient Evil (weapon) {freeze, rN+ SInv}
   (Okawaru gifted it to you on level 3 of the Lair of Beasts)

   It has been specially enchanted to freeze those struck by it, causing extra
   injury to most foes and up to double damage against particularly susceptible
   opponents.
   It can also slow down cold-blooded creatures.
   It protects you from negative energy.
   It enhances your eyesight.
 V - a +2 antimagic lajatang
Missiles
 d - 3 throwing nets (quivered)
Armour
 n - a +1 cloak of poison resistance (worn)
 p - a +0 pair of gloves (worn)
 t - a +0 hat of see invisible (worn)
 u - a +5 fire dragon armour (worn)
 O - a +2 pair of boots of flying (worn)
Magical devices
 j - a wand of lightning (5)
 r - a wand of digging (9)
 I - a wand of fire (5)
 J - a wand of heal wounds (0)
 Q - a wand of teleportation (0)
 R - a wand of cold (5)
 S - a wand of fireball (3)
 U - a wand of lightning (2)
 Z - a wand of hasting (3)
Comestibles
 f - 12 bread rations
 l - 16 meat rations
Scrolls
 b - 7 scrolls of magic mapping
 c - 2 scrolls of identify
 g - 11 scrolls of remove curse
 i - 3 scrolls of teleportation
 y - 6 scrolls of fog
 M - 6 scrolls of fear
 T - 2 scrolls of enchant weapon
Jewellery
 k - a ring of regeneration (right hand)
 o - an uncursed ring of sustain abilities
 v - an uncursed ring of see invisible
 H - an uncursed ring of protection from fire
 L - an uncursed amulet of resist corrosion
 N - an uncursed ring of poison resistance
 W - a ring of protection from cold (left hand)
 X - an amulet of faith (around neck)
Potions
 e - 3 potions of haste
 h - a potion of agility
 m - 3 potions of curing
 s - a potion of cure mutation
 x - 3 potions of restore abilities
 A - a potion of berserk rage
 C - 5 potions of might
 D - 3 potions of invisibility
 G - a potion of resistance
 P - 5 potions of heal wounds
Books
 q - a book of Annihilations {highlevel, unknown}

   This book is beyond your current level of understanding.

   Spells                             Type                      Level
   Poison Arrow                       Conjuration/Poison           6
   Chain Lightning                    Conjuration/Air              8
   Lehudib's Crystal Spear            Conjuration/Earth            8
   Glaciate                           Conjuration/Ice              9
   Fire Storm                         Conjuration/Fire             9
 Y - a book of Unlife

   Spells                             Type                      Level
   Recall                             Summoning/Translocation      3
   Animate Dead                       Necromancy                   4
   Control Undead                     Necromancy                   4
   Twisted Resurrection               Necromancy                   5
   Death Channel                      Necromancy                   6
   Simulacrum                         Ice/Necromancy               6
Miscellaneous
 a - a phial of floods
Rods
 K - a +0 rod of inaccuracy (12/12)
   (You bought it in a shop on level 4 of the Orcish Mines)


   Skills:
 + Level 17.6 Fighting
 - Level 14.0 Staves
 - Level 2.0 Throwing
 + Level 17.3 Armour
 + Level 16.4 Dodging
 - Level 7.4 Invocations


You had 15 spell levels left.
You didn't know any spells.

Dungeon Overview and Level Annotations

Branches:
Dungeon (11/15)            Temple (1/1) D:4             Orc (4/4) D:9
    Elf (3/3) Orc:3          Lair (8/8) D:10          Swamp (0/5) Lair:4
  Snake (0/5) Lair:3        Slime (0/6) Lair:6

Altars:
Ashenzari
Cheibriados
Dithmenos
Elyvilon
Fedhas
Kikubaaqudgha
Makhleb
Nemelex Xobeh
Okawaru
Qazlal
Sif Muna
Trog
Vehumet
Xom
Yredelemnul
Zin
The Shining One
Beogh
Jiyva

Shops:
D:10 :   D:11 [   Orc:2 (   Orc:4 %:}!*(   Elf:1 (   Elf:2 (

Annotations:
D:3 Blork the orc
Elf:3 Jorgrun


Innate Abilities, Weirdness & Mutations

You reflexively headbutt those who attack you in melee.
You have a pair of horns on your head.
You are partially covered in iridescent scales (AC +4).


Message History

You sock Jorgrun! You freeze Jorgrun.
Jorgrun is lightly wounded.
Jorgrun barely misses you. You furiously retaliate!
You headbutt Jorgrun.
Your limbs are stiffening.
You miss Jorgrun. Your headbutt misses Jorgrun.
Jorgrun is lightly wounded.
You have turned to stone.
Jorgrun hits you with a quarterstaff of crushing.
Jorgrun casts a spell.
The dungeon rumbles around Jorgrun!
You shudder from the earth-shattering force.
Ouch! That really hurt!
A door shatters!
Ka-crash!
Jorgrun hits you with a quarterstaff of crushing.
Jorgrun casts a spell.
The dungeon rumbles around Jorgrun!
You shudder from the earth-shattering force.
Ouch! That really hurt!
You die...

.).....+# # ##...
........## .#######
.........# #........
.........# #....$...
.........# ###........
.........#####.#.........
.........'...............
........?#######.........
.........# #@g.......
........## #.........
.......## #........
......## ##..###..
####### ### .


You could see Jorgrun.

Vanquished Creatures
  Mara (Elf:3)
  Nikola (Elf:1)
  A deep elf master archer (Elf:3)
  4 deep elf sorcerers
  An orc warlord (Orc:3)
  Gastronok (Orc:1)
  2 deep elf demonologists
  3 deep elf annihilators (Elf:3)
  A deep elf death mage (Elf:2)
  A deep elf high priest (Elf:3)
  Fannar (D:11)
  2 hydras
  2 centaur warriors
  15 death yaks
  A vampire mage (D:11)
  A thrashing horror (Abyss:1)
  Nergalle (Lair:7)
  A catoblepas (Lair:3)
  A wretched star (Abyss:1)
  6 deep elf knights
  4 large abominations (Abyss:1)
  A hill giant (D:11)
  A starcursed mass (Abyss:1)
  An ice statue (Elf:2)
  4 deep elf summoners
  An unseen horror (D:10)
  4 orc knights
  14 deep elf conjurers
  4 orc sorcerers
  13 elephants
  A toenail golem (Volcano)
  A smoke demon (Volcano)
  A manticore (D:9)
  A black mamba (Lair:3)
  2 gargoyles
  A queen ant (Lair:3)
  Psyche (Orc:2)
  2 naga magi (D:11)
  7 komodo dragons
  10 spiny frogs
  4 fire drakes
  7 deep elf priests
  2 spriggan druids (Lair:8)
  A demonic crawler (Abyss:1)
  A freezing wraith (D:9)
  3 red devils (Volcano)
  A hydra zombie (D:11)
  Sonja (Orc:4)
  An ancient zyme (Abyss:1)
  3 trolls
  4 blink frogs
  6 polar bears (Lair:8)
  A wandering mushroom (Lair:7)
  2 two-headed ogres
  A trapdoor spider (D:9)
  A shadow (D:9)
  5 basilisks
  4 redbacks (Lair:8)
  34 deep elf magi
  A ynoxinul (Abyss:1)
  11 spriggans (Lair:8)
  Eustachio (Orc:1)
  25 deep elf fighters
  A hungry ghost (D:9)
  2 nagas (Lair:3)
  Grum (Orc:2)
  A wyvern (D:11)
  A hill giant skeleton (D:10)
  6 hippogriffs
  30 yaks
  A neqoxec (Abyss:1)
  A mottled dragon (D:11)
  10 vampire mosquitoes
  14 soldier ants
  9 wargs
  28 water moccasins
  47 wolves
  17 porcupines
  34 orc warriors
  3 small abominations (Abyss:1)
  10 black bears (Lair:8)
  2 yellow wasps (Lair:8)
  A phantom (D:5)
  4 sky beasts
  4 ice beasts
  5 ogres
  15 crocodiles
  8 centaurs
  3 elf zombies
  A big kobold (D:9)
  A brain worm (Lair:8)
  The ghost of keeo the Sneak, an average NaWz (D:4)
  18 giant frogs
  A water moccasin skeleton (D:5)
  A wyvern skeleton (D:9)
  10 scorpions
  3 electric eels (Lair:4)
  A troll skeleton (D:11)
  3 killer bees (D:9)
  9 wights
  2 goliath beetles (D:8)
  5 crimson imps
  6 human zombies
  2 centaur zombies (Ossuary)
  A two-headed ogre zombie (D:9)
  23 hounds
  11 iguanas
  2 jellies
  47 worker ants
  22 orc priests
  27 orc wizards
  3 human skeletons (D:4)
  36 sheep
  A two-headed ogre skeleton (D:7)
  3 quasits (Abyss:1)
  An iron imp (Abyss:1)
  An orange rat (D:5)
  A killer bee zombie (D:9)
  An ogre zombie (D:5)
  2 ogre skeletons (D:9)
  3 big kobold zombies (Ossuary)
  5 mummies
  29 adders
  14 gnolls
  5 orc zombies
  4 scorpion zombies
  A shadow imp (D:8)
  18 green rats
  2 giant mites
  An inept feature mimic (D:3)
  2 worms
  3 ufetubi (Elf:3)
  An adder zombie (D:8)
  2 giant geckos
  An ooze (D:2)
  155 orcs
  15 bats
  A bat skeleton (D:6)
  A bat zombie (D:5)
  16 hobgoblins
  13 jackals
  15 quokkas
  4 ball pythons
  9 giant cockroaches
  9 giant newts
  A gnoll skeleton (D:4)
  26 goblins
  A goblin skeleton (D:4)
  A goblin zombie (Ossuary)
  A hobgoblin skeleton (D:9)
  4 hobgoblin zombies (Ossuary)
  22 kobolds
  2 kobold zombies (Ossuary)
  4 orc skeletons
  44 rats
  2 ballistomycetes (D:11)
  2 fungi (Lair:7)
  2 plants
1186 creatures vanquished.

Vanquished Creatures (others)
  The ghost of zaltroth the Firebug, an experienced GrFE of the Shining One (D:8)
  A tarantella (shapeshifter) (Elf:3)
  A deep elf fighter (Elf:3)
  An orc warrior (Orc:4)
  An orc wizard (Orc:4)
  A mummy (Ossuary)
  A gnoll (D:10)
  5 orcs
  A jackal (D:10)
  2 giant spores
  2 fungi (Lair:8)
  3 plants
20 creatures vanquished.

Grand Total: 1206 creatures vanquished

Notes
Turn   | Place    | Note
--------------------------------------------------------------
     0 | D:1      | Econoterrorist, the Minotaur Gladiator, began the quest for the Orb.
     0 | D:1      | Reached XP level 1. HP: 18/18 MP: 1/1
    99 | D:1      | Reached skill level 4 in Staves
   461 | D:1      | Reached XP level 2. HP: 25/25 MP: 1/1
  1075 | D:2      | Reached skill level 5 in Staves
  1150 | D:2      | Reached XP level 3. HP: 30/30 MP: 2/2
  2118 | D:3      | Reached XP level 4. HP: 27/37 MP: 2/2
  2247 | D:3      | Reached skill level 6 in Staves
  2803 | D:3      | Noticed Blork the orc
  2810 | D:3      | Found a deep blue altar of Sif Muna.
  2914 | D:3      | Noticed a sky beast
  2924 | D:3      | Killed a sky beast
  2924 | D:3      | Reached skill level 7 in Staves
  2924 | D:3      | Reached XP level 5. HP: 42/42 MP: 2/2
  3083 | D:3      | Reached skill level 8 in Staves
  3422 | D:4      | Reached XP level 6. HP: 50/50 MP: 3/3
  3551 | D:4      | Reached skill level 1 in Armour
  3565 | D:4      | Found a sand-covered staircase.
  3630 | Ossuary  | Entered an ossuary
  3683 | Ossuary  | Reached XP level 7. HP: 53/57 MP: 3/3
  3712 | Ossuary  | Reached skill level 9 in Staves
  4018 | Ossuary  | Reached XP level 8. HP: 66/66 MP: 3/3
  4025 | Ossuary  | Reached skill level 5 in Dodging
  4164 | D:4      | Noticed keeo's ghost (average NaWz)
  4193 | D:4      | Killed keeo's ghost
  4274 | D:4      | Reached skill level 10 in Staves
  4538 | D:4      | Found a staircase to the Ecumenical Temple.
  4552 | Temple   | Entered the Ecumenical Temple
  4611 | Temple   | Became a worshipper of Warmaster Okawaru
  4721 | D:4      | Found a shimmering altar of Xom.
  4873 | D:4      | Noticed an ogre
  4880 | D:4      | Killed an ogre
  4931 | D:5      | Entered Level 5 of the Dungeon
  5267 | D:5      | Reached skill level 5 in Fighting
  5583 | D:5      | Acquired Okawaru's first power
  5833 | D:5      | Reached skill level 5 in Armour
  5848 | D:5      | Reached XP level 9. HP: 64/75 MP: 4/4
  5893 | D:6      | Reached skill level 11 in Staves
  5987 | D:6      | Found a burning altar of Makhleb.
  7521 | D:8      | Found a white marble altar of Elyvilon.
  7566 | D:8      | Noticed zaltroth's ghost (experienced GrFE)
  7587 | D:8      | Killed zaltroth's ghost
  7754 | D:8      | Reached skill level 12 in Staves
  8040 | D:8      | Got a transparent plate armour
  8052 | D:8      | Identified the cursed -2 plate armour of Suempun {rElec Str+3} (You found it on level 8 of the Dungeon)
  8340 | D:9      | Reached XP level 10. HP: 80/86 MP: 4/4
  8406 | D:9      | Found a shattered altar of Ashenzari.
  8711 | D:9      | Found a staircase to the Orcish Mines.
  8844 | D:9      | Found a basalt altar of Yredelemnul.
  8916 | D:9      | Noticed a five-headed hydra
  9008 | D:9      | HP: 3/88 [five-headed hydra (4)]
  9009 | D:9      | Killed a five-headed hydra
  9009 | D:9      | Reached skill level 13 in Staves
  9011 | D:9      | Received a gift from Okawaru
  9151 | D:9      | Found a glowing silver altar of Zin.
  9151 | D:9      | Noticed a centaur warrior
  9162 | D:9      | Killed a centaur warrior
  9240 | D:9      | Found a burning altar of Makhleb.
  9747 | D:10     | Entered Level 10 of the Dungeon
  9748 | D:10     | Found a staircase to the Lair.
 10075 | D:9      | Noticed a manticore
 10084 | D:9      | Killed a manticore
 10084 | D:9      | Reached XP level 11. HP: 61/95 MP: 4/4
 10406 | D:9      | Reached skill level 14 in Staves
 10460 | D:10     | Acquired Okawaru's second power
 10483 | D:10     | Noticed an unseen horror
 10487 | D:10     | Killed an unseen horror
 10615 | D:10     | Received a gift from Okawaru
 11623 | D:10     | Found Unoph's Book Shoppe.
 11854 | D:11     | Reached skill level 10 in Fighting
 12080 | D:11     | Identified Qel Hiug's Guide on Earthen Black Secrets (You found it on level 11 of the Dungeon)
 12092 | D:11     | Found a deep blue altar of Sif Muna.
 12201 | D:11     | Received a gift from Okawaru
 12256 | D:11     | Reached skill level 10 in Armour
 12273 | D:11     | Reached skill level 10 in Dodging
 12582 | D:11     | Noticed Fannar
 12620 | D:11     | Killed Fannar
 12620 | D:11     | Received a gift from Okawaru
 12759 | D:11     | Noticed a hill giant
 12773 | D:11     | Killed a hill giant
 12773 | D:11     | Reached XP level 12. HP: 79/110 MP: 5/5
 12894 | D:11     | Found Tapred Zuokk's Armour Shop.
 12991 | D:11     | Noticed a deep elf sorcerer
 13013 | D:11     | Killed a deep elf sorcerer
 13063 | D:11     | Noticed a deep elf sorcerer
 13064 | D:11     | Noticed a vampire mage
 13074 | D:11     | Killed a deep elf sorcerer
 13074 | D:11     | Received a gift from Okawaru
 13100 | D:11     | Killed a vampire mage
 13129 | D:11     | Identified Vehumet's Volume of Combat Magic and the Volcanoes
 13131 | D:11     | Identified Fabooj's Collected Works on the Ashen Escort
 13232 | D:11     | HP: 1/112 [orc sorcerer/bolt of negative energy (31)]
 13708 | Lair:1   | Entered Level 1 of the Lair of Beasts
 14056 | Lair:1   | Received a gift from Okawaru
 14632 | Lair:2   | Identified a scroll of acquirement
 14633 | Lair:2   | Got a faintly glowing hunting sling
 14634 | Lair:2   | Identified the +3 hunting sling of Huel Omeoh {velocity, +Fly rElec Int+1} (You acquired it on level 2 of the Lair of Beasts)
 15493 | Lair:3   | Received a gift from Okawaru
 15766 | Lair:3   | Received a gift from Okawaru
 15766 | Lair:3   | Reached XP level 13. HP: 71/122 MP: 5/5
 15788 | Lair:3   | HP: 6/122 [poisoned by a queen ant]
 15793 | Lair:3   | HP: 4/122 [poisoned by a queen ant]
 15798 | Lair:3   | HP: 2/122 [poisoned by a queen ant]
 15803 | Lair:3   | HP: 3/122 [poisoned by a queen ant]
 15810 | Lair:3   | HP: 5/122 [poisoned by a queen ant]
 15955 | Lair:3   | Got a pitted quarterstaff {god gift}
 15956 | Lair:3   | Identified the +5 quarterstaff of Ancient Evil {freeze, rN+ SInv} (Okawaru gifted it to you on level 3 of the Lair of Beasts)
 16662 | Lair:3   | Found a staircase to the Snake Pit.
 16670 | Lair:3   | Reached skill level 1 in Invocations
 17454 | Lair:4   | Received a gift from Okawaru
 17663 | Lair:4   | Reached skill level 5 in Invocations
 17933 | Lair:4   | Found a staircase to the Swamp.
 18063 | Lair:4   | You fall through a shaft for 2 floors!
 19607 | Lair:6   | Found a staircase to the Slime Pits.
 19609 | Lair:6   | Found a viscous altar of Jiyva.
 20125 | Lair:6   | Received a gift from Okawaru
 20128 | Lair:6   | Got a slimy robe {god gift}
 20140 | Lair:6   | Identified the +0 robe of the Moon {Dex+3 Int+2} (Okawaru gifted it to you on level 6 of the Lair of Beasts)
 20179 | Lair:7   | Noticed Nergalle
 20195 | Lair:7   | Killed Nergalle
 20515 | Lair:7   | Reached XP level 14. HP: 83/132 MP: 20/20
 21207 | Lair:7   | Received a gift from Okawaru
 21652 | Lair:8   | Entered Level 8 of the Lair of Beasts
 21969 | Lair:8   | Received a gift from Okawaru
 22300 | Lair:8   | Reached skill level 15 in Fighting
 23133 | Lair:8   | Reached skill level 15 in Armour
 23648 | Lair:8   | Received a gift from Okawaru
 23910 | Orc:1    | Entered Level 1 of the Orcish Mines
 23910 | Orc:1    | Noticed Eustachio
 23938 | Orc:1    | Killed Eustachio
 24078 | Orc:3    | Found a staircase to the Elven Halls.
 24456 | Orc:2    | Found Otsed's Antique Weapon Shoppe.
 24458 | Orc:2    | Noticed Grum
 24485 | Orc:2    | Found a dark tunnel.
 24494 | Volcano  | Entered a volcano
 24741 | Orc:2    | Killed Grum
 24834 | Orc:2    | Reached XP level 15. HP: 143/143 MP: 22/22
 25127 | Orc:3    | Found a roughly hewn altar of Beogh.
 25393 | Orc:2    | Noticed Psyche
 25401 | Orc:2    | Killed Psyche
 25693 | Orc:1    | Noticed Gastronok
 25715 | Orc:1    | Killed Gastronok
 25944 | Orc:4    | Entered Level 4 of the Orcish Mines
 25959 | Orc:4    | Found Efosoc's Food Boutique.
 26334 | Orc:4    | Noticed Sonja
 26369 | Orc:4    | Killed Sonja
 26395 | Orc:4    | Found Fropeh's Gadget Boutique.
 26395 | Orc:4    | Found Ihaijuro's Distillery.
 26403 | Orc:4    | Found Kluel's General Store.
 26406 | Orc:4    | Found Ghea's Book Shop.
 26442 | Orc:4    | Reached skill level 16 in Fighting
 26738 | Orc:4    | Bought a +0 rod of inaccuracy (12/12) for 1020 gold pieces
 26744 | Orc:4    | Bought 2 potions of heal wounds for 66 gold pieces
 26747 | Orc:4    | Bought a +2 pair of boots of flying for 365 gold pieces
 26747 | Orc:4    | Bought a scroll of identify for 34 gold pieces
 26885 | Orc:4    | Received a gift from Okawaru
 26931 | Orc:4    | Found Ysasopeo's Weapon Shoppe.
 27197 | Orc:4    | Found a gateway to a bazaar.
 27212 | Bazaar   | Entered a bazaar
 27212 | Bazaar   | Found Xaurgh Noddi's General Store.
 27232 | Bazaar   | Found Liod's Gadget Emporium.
 27243 | Bazaar   | Found Erraucar's Antique Weapon Boutique.
 27254 | Bazaar   | Found Bayck's Antique Armour Shoppe.
 27260 | Bazaar   | Found Hierap's Distillery.
 27266 | Bazaar   | Bought a brightly glowing chain mail for 152 gold pieces
 27279 | Bazaar   | Identified the +0 chain mail of the Ward {Str-1} (You bought it in a shop in a bazaar)
 27300 | Bazaar   | Bought a potion of mutation for 22 gold pieces
 27300 | Bazaar   | Bought a potion of degeneration for 18 gold pieces
 27300 | Bazaar   | Bought a potion of heal wounds for 27 gold pieces
 27300 | Bazaar   | Bought a potion of invisibility for 49 gold pieces
 27694 | Elf:1    | Entered Level 1 of the Elven Halls
 27722 | Elf:1    | Reached skill level 15 in Dodging
 28205 | Elf:1    | Noticed Nikola
 28554 | Elf:1    | Killed Nikola
 28689 | Elf:1    | Found Yzeur's Weapon Emporium.
 28985 | Elf:2    | Received a gift from Okawaru
 29407 | Elf:2    | Found Ithibreu's Weapon Shoppe.
 29436 | Elf:2    | Received a gift from Okawaru
 30228 | Elf:3    | Entered Level 3 of the Elven Halls
 30269 | Elf:3    | Noticed Mara
 30276 | Elf:3    | Noticed Econoterrorist's illusion
 30701 | Elf:3    | Noticed Econoterrorist's illusion
 30863 | Elf:3    | Killed Mara
 30863 | Elf:3    | Reached skill level 17 in Fighting
 31041 | Elf:3    | Reached XP level 16. HP: 155/155 MP: 22/22
 31413 | Elf:3    | Noticed a deep elf master archer
 31421 | Elf:3    | Killed a deep elf master archer
 31730 | Elf:3    | Cast into the Abyss (deep elf sorcerer)
 31748 | Abyss:1  | Gained mutation: You are partially covered in iridescent scales (AC +4). [potion of beneficial mutation]
 31811 | Abyss:1  | Received a gift from Okawaru
 32293 | Elf:3    | Escaped the Abyss
 32295 | Elf:3    | Noticed a deep elf blademaster
 32503 | Elf:3    | Noticed Jorgrun
 32515 | Elf:3    | Killed from afar by Jorgrun

Action                   |  1- 3 |  4- 6 |  7- 9 | 10-12 | 13-15 | 16-18 || total
-------------------------+-------+-------+-------+-------+-------+-------++-------
Melee: Quarterstaff      |    95 |   144 |   614 |  1290 |  2142 |   197 ||  4482
       Lajatang          |       |       |       |       |    53 |       ||    53
Throw: Throwing net      |       |       |     2 |       |       |       ||     2
Invok: Heroism           |       |       |       |     1 |       |       ||     1
       Finesse           |       |       |       |       |     3 |     2 ||     5
Evoke: Wand              |       |       |     3 |     8 |    15 |     2 ||    28
       Rod               |       |       |       |       |     1 |       ||     1
  Use: Scroll            |       |       |     2 |    26 |    13 |     2 ||    43
       Potion            |       |       |       |    10 |     4 |     1 ||    15
  Eat: Chunk             |     4 |     3 |    14 |    23 |    44 |     2 ||    90
       Beef jerky        |       |     1 |       |     1 |     2 |       ||     4
       Fruit             |       |     1 |     3 |     8 |    17 |     4 ||    33
       Pizza             |       |       |     1 |     1 |     2 |       ||     4
       Royal jelly       |       |       |       |     2 |       |       ||     2
       Bread ration      |       |       |       |       |       |     1 ||     1
